 Dungeon Crawl Stone Soup version 0.31-a0-521-gc7390f8997 (webtiles) character file.

Game seed: 1457775753277935202

39 Maratek the Conjurer (level 3, -9/26 HPs)
             Began as a Draconian Conjurer on Aug 10, 2023.
             Mangled by a gnoll
             ... wielding a +0 halberd
              (10 damage)
             ... on level 4 of the Dungeon.
             The game lasted 00:04:14 (1411 turns).

Maratek the Conjurer (Draconian Conjurer)           Turns: 1411, Time: 00:04:14

Health: -9/26      AC:  6    Str:  9    XL:     3   Next: 26%
Magic:  6/6        EV: 12    Int: 20    God:
Gold:   97         SH:  0    Dex:  9    Spells: 5/6 levels left

rFire   . . .        d - staff of poison
rCold   . . .        (no shield)
rNeg    . . .        (body armour unavailable)
rPois   +            (helmet restricted)
rElec   .            j - scarf {+Inv}
rCorr   .            (no gloves)
SInv    .            f - +0 pair of boots
Will    .....        (no amulet)
Stlth   ++           (no ring)
HPRegen 0.24/turn    (no ring)
MPRegen 0.10/turn

%: no passive effects
@: no status effects
A: AC +5, unfitting armour, cold-blooded
a: Evoke Invisibility


You were on level 4 of the Dungeon.
You visited 1 branch of the dungeon, and saw 3 of its levels.

You collected 97 gold pieces.

Inventory:

Armour
 f - a +0 pair of boots (worn)
 j - a scarf of invisibility (worn)
Magical Staves
 d - a staff of poison (weapon)
Scrolls
 b - a scroll of teleportation {unknown}
 c - a scroll of noise {unknown}
 g - a scroll of silence {unknown}
 h - a scroll of immolation {unknown}
Potions
 a - a potion of magic
 e - a potion of curing {unknown}
 i - a potion of haste {unknown}
 k - a potion of resistance {unknown}


   Skills:
 + Level 1.9 Dodging
 + Level 2.0 Stealth
 + Level 2.3 Spellcasting
 + Level 4.8 Conjurations


You had 5 spell levels left.
You knew the following spells:

 Your Spells              Type           Power      Damage    Failure   Level
a - Magic Dart            Conj           84%        1d7       2%          1

Your spell library contained the following spells:

 Spells                   Type           Power      Damage    Failure   Level
 Searing Ray              Conj           42%        2d6       3%          2
 Momentum Strike          Conj/Tloc      22%        3d8       9%          2
 Dazzling Flash           Conj/Hex       22%        N/A       17%         3
 Blink                    Tloc           4%         N/A       22%         2
 Lesser Beckoning         Tloc           4%         N/A       22%         2
 Fulminant Prism          Conj/Hex       5%         3d7       50%         4
 Iskenderun's Mystic Bla  Conj/Tloc      11%        2d4       50%         4


Dungeon Overview and Level Annotations

Branches:
Dungeon (4/15)
 Temple: D:4-7

Altars:


Innate Abilities, Weirdness & Mutations

Your plain brown scales are hard. (AC +5)
You cannot fit into any form of body armour.
You are cold-blooded and may be slowed by cold attacks.


Message History

The adder attacks as you move away! The adder bites you but does no damage.
The adder misses you. The adder bites you but does no damage.
You open the door. The adder bites you but does no damage.
The gnoll hits you from afar with a +0 halberd.
Found a dagger and 6 poisoned darts.
The adder barely misses you. The adder attacks as you move away!
The adder closely misses you.
You open the door.
A kobold comes into view. It is wielding a +0 dagger.
The adder completely misses you.
The gnoll hits you from afar with a +0 halberd.
The gnoll barely misses you.
The kobold moves out of view.
The adder attacks as you move away! The adder bites you but does no damage.
An orc comes into view. It is wielding a +0 falchion.
Found 2 poisoned darts.
The adder misses you.
The orc shouts!
The kobold barely misses you. The adder attacks as you move away!
The adder misses you. The kobold attacks as you move away!
The kobold hits you but does no damage. The adder bites you but does no damage.
You open the door.
A kobold and an orc come into view.
The kobold shouts!
The orc shouts!
You hear a shout!
The adder closely misses you.
The gnoll hits you from afar with a +0 halberd!
The gnoll hits you from afar with a +0 halberd.
* * * LOW HITPOINT WARNING * * *
The kobold closely misses you.
The kobold moves out of view.
There are monsters nearby!
The adder attacks as you move away! The adder closely misses you.
The kobold attacks as you move away! The kobold hits you but does no damage.
An orc comes into view. It is wielding a +0 short sword.
Found a coppery potion.
The orc hits you with a +0 flail.
* * * LOW HITPOINT WARNING * * *
The orc attacks as you move away! The orc closely misses you.
The adder closely misses you. The adder barely misses you.
The kobold barely misses you.
The gnoll hits you from afar with a +0 halberd!
You die...

......### .....
....########....
....##.... ....
....##..####..####
.#.###..#(.#..#..#
........#.)#..#Ko#
...g##.P#'##..##o#
...g#........ggS.###+#..
....#........o.K@.......
.......#####'#..........
.......# #(.#####..##+#
....#..# +..# ..#
#.###..####### .P# #.#
#........# .# ..#
#......... .. .##
#......... ..
.#####.#######


You could see 2 gnolls, an adder, 3 orcs and 2 kobolds.

Vanquished Creatures
  3 ball pythons
  2 bats
  3 endoplasms (D:1)
  4 giant cockroaches (D:1)
  A hobgoblin (D:1)
  4 jackals (D:1)
  4 kobolds (D:1)
  3 quokkas
  3 frilled lizards (D:1)
  3 goblins (D:1)
  3 rats (D:1)
33 creatures vanquished.

Notes
Turn   | Place    | Note
-------+----------+-------------------------------------------
     0 | D:1      | Maratek the Draconian Conjurer began the quest for the Orb.
     0 | D:1      | Reached XP level 1. HP: 14/14 MP: 3/3
   203 | D:1      | Reached XP level 2. HP: 20/20 MP: 3/5
   826 | D:1      | Reached XP level 3. HP: 26/26 MP: 2/6
  1229 | D:2      | You fall into a shaft and drop 2 floors!
  1410 | D:4      | HP: 1/26 [orc/+0 flail (3)]
  1411 | D:4      | Mangled by a gnoll

Illustrated notes

Levels and vault maps discovered:
D:1:      erik_arrival_triangle_large, layout_basic
D:2:      minmay_inner_zag, layout_basic, basic_altar, uniq_terence
D:4:      corexii_shack_village, layout_rooms

Skill      XL: |  1  2 |
---------------+-------+-----
Stealth        | 2 |  2.0
Dodging        | |  1.9
Spellcasting   | |  2.3
Conjurations   | |  4.8

Action                     || total
---------------------------++-------
  Melee: Unarmed           ||    25
         Staff             ||     6
         Tailslap          ||     2
         Punch             ||     1
   Cast: Magic Dart        ||    58
 Armour: Skin              ||    25
  Dodge: Dodged            ||    54

Table legend: (Time is in decaauts)
 A = Elapsed time spent in this place.
 B = Non-inter-level travel time spent in this place.
 C = Inter-level travel time spent in this place.
 D = Time resting spent in this place.
 E = Time spent auto-exploring this place.
 F = Levels seen in this place.
 G = Mean time per level.
                   A        B        C        D        E       F      G
               +--------+--------+--------+--------+--------+-----+--------+
         Total |   1411 |   1411 |      0 |      0 |   1036 |   3 |  470.3 |
       Dungeon |   1411 |   1411 |      0 |      0 |   1036 |   3 |  470.3 |
               +--------+--------+--------+--------+--------+-----+--------+

Top non-repeatable levels by time:
     D:1: 1154 daAuts
     D:4: 181 daAuts
     D:2: 74 daAuts
